 Dungeon Crawl Stone Soup version 0.22.0-25-g7663229 (webtiles) character file.

89 iamserjio the Ducker (level 4, -2/29 HPs)
             Began as an Octopode Arcane Marksman on Aug 20, 2018.
             Slain by an ogre
             ... wielding a +0 giant spiked club
              (26 damage)
             ... on level 3 of the Dungeon.
             The game lasted 00:06:19 (2775 turns).

iamserjio the Ducker (Octopode Arcane Marksman)     Turns: 2775, Time: 00:06:19

Health: -2/29      AC:  1    Str:  9    XL:     4   Next: 55%
Magic:  1/5        EV: 14    Int: 15    God:
Gold:   139        SH:  0    Dex: 13    Spells: 2/5 levels left

rFire    . . .     SeeInvis .   a - +0 hand crossbow
rCold    . . .     Gourm    .   (no shield)
rNeg     . . .     Faith    .   (helmet restricted)
rPois    .         Spirit   .   (no amulet)
rElec    .         Reflect  .   (no ring)
rCorr    .         Harm     .   (no ring)
MR       .....                  (no ring)
Stlth    +++.......             (no ring)
HPRegen  0.09/turn              (no ring)
MPRegen  0.09/turn              (no ring)
                                (no ring)
                                (no ring)

@: starving
A: almost no armour, stealthy swim, amphibious, 8 rings, constrict 8, camouflage
1, gelatinous body 1
a: no special abilities


You were on level 3 of the Dungeon.
You were starving.

You visited 1 branch of the dungeon, and saw 3 of its levels.

You collected 139 gold pieces.

Inventory:

Hand Weapons
 a - a +0 hand crossbow (weapon)
 b - a +0 spear
 i - a cursed -3 short sword
 j - a +0 hunting sling
 t - a +2 hunting sling of flaming
 x - a +0 blowgun
Missiles
 c - 13 bolts (quivered)
 e - 16 sling bullets
 g - 96 stones
 o - 64 arrows
 y - 5 poisoned needles
Jewellery
 p - a +5 ring of dexterity {unknown}
Scrolls
 k - 2 scrolls of fog
 l - a scroll of magic mapping {unknown}
 n - a scroll of fear {unknown}
 s - a scroll of random uselessness {unknown}
 u - a scroll of amnesia {unknown}
 v - a scroll of identify {@r1}
 w - a scroll of teleportation {unknown}
 z - 2 scrolls of enchant armour {unknown}
Potions
 f - a potion of degeneration {unknown}
 h - a potion of agility {unknown}
 m - 2 potions of curing {@q1}
 q - a potion of lignification {unknown}
 r - 2 potions of heal wounds
Comestibles
 d - 6 rations


   Skills:
 + Level 1.9 Fighting
 + Level 1.3 Short Blades
 - Level 2.1 Crossbows
 * Level 3.2 Dodging
 + Level 2.1 Stealth
 - Level 1.1 Spellcasting
 - Level 3.0 Hexes


You had 2 spell levels left.
You knew the following spells:

 Your Spells              Type           Power        Failure   Level  Hunger
a - Corona                Hex            ##.....      7%          1    ##.....
b - Slow                  Hex            ##......     11%         2    ###....

Your spell library contained the following spells:

 Spells                   Type           Power        Failure   Level  Hunger
 Inner Flame              Hex/Fire       #.......     36%         3    ####...
 Portal Projectile        Hex/Tloc       #.....       36%         3    ####...
 Cause Fear               Hex            ##........   56%         4    #####..
 Leda's Liquefaction      Hex/Erth       #.........   78%         4    #####..


Dungeon Overview and Level Annotations

Branches:
Dungeon (3/15)

Altars:
Elyvilon


Innate Abilities, Weirdness & Mutations

You cannot wear most types of armour.
You are very stealthy in the water. (Stealth+)
You are amphibious.
You can wear up to eight rings at the same time.
You can use your tentacles to constrict eight enemies at once.
Your skin changes colour to match your surroundings (Stealth+).
Your rubbery body absorbs attacks. (AC +1, EV +1)


Message History

You miscast Slow.
You are very lightly contaminated with residual magic.
The light around you dims momentarily. The ogre barely misses you.
Casting: Slow (safe; 11% risk of failure)
Confirm with . or Enter, or press ? or * to list all spells.
Aiming: Slow (safe; 11% risk of failure)
Press: ? - help, Shift-Dir - straight line, f/p - ogre
Aim: an ogre, wielding a giant spiked club (moderately wounded, chance to defeat MR: 46%)
The ogre resists with some effort.
The ogre closely misses you.
Your magical contamination has completely faded away.
Casting: Slow (safe; 11% risk of failure)
Confirm with . or Enter, or press ? or * to list all spells.
Aiming: Slow (safe; 11% risk of failure)
Press: ? - help, Shift-Dir - straight line, f/p - ogre
Aim: an ogre, wielding a giant spiked club (moderately wounded, chance to defeat MR: 46%)
The ogre resists with some effort.
You are starving!
The ogre hits you with a giant spiked club!!
Ouch! That really hurt!
You die...

#.#.####.#
#.#.# #.#
#.#.# #.#
#.#.# #.#
#.### #.#
#.# #.#
#.# #.#
#.######.#
#...O@...#
#.########
###


You could see an ogre.

Vanquished Creatures
  2 adders
  A gnoll (D:1)
  A worm (D:2)
  2 leopard geckos (D:1)
  An orc (D:3)
  A ball python (D:3)
  3 giant cockroaches
  9 goblins
  7 hobgoblins
  3 jackals (D:2)
  A quokka (D:2)
  6 bats
  3 frilled lizards (D:1)
  7 kobolds
  4 rats
51 creatures vanquished.

Notes
Turn   | Place    | Note
-------+----------+-------------------------------------------
     0 | D:1      | iamserjio the Octopode Arcane Marksman began the quest for the Orb.
     0 | D:1      | Reached XP level 1. HP: 13/13 MP: 2/2
   131 | D:1      | Reached XP level 2. HP: 14/18 MP: 3/3
   366 | D:1      | Reached skill level 1 in Stealth
   384 | D:1      | Reached XP level 3. HP: 23/23 MP: 4/4
   816 | D:2      | Learned a level 2 spell: Slow
   862 | D:2      | Found a white marble altar of Elyvilon.
  1149 | D:2      | Reached skill level 1 in Short Blades
  1554 | D:2      | Reached XP level 4. HP: 21/29 MP: 5/5
  2590 | D:3      | Noticed an ogre
  2775 | D:3      | Slain by an ogre

Skill      XL: |  1  2  3  4 |
---------------+-------------+-----
Stealth        | 1 2 |  2.1
Short Blades   | 1 |  1.3
Dodging        | 3 |  3.2
Fighting       | |  1.9
Crossbows      | |  2.1
Spellcasting   | |  1.1
Hexes          | |  3.0

Action                   |  1- 3 |  4- 6 || total
-------------------------+-------+-------++-------
Melee: Spear             |    54 |    35 ||    89
       Constrict         |    13 |    10 ||    23
       Tentacles         |     8 |     4 ||    12
 Fire: Hand crossbow     |    42 |     5 ||    47
 Cast: Slow              |       |     4 ||     4
  Use: Scroll            |       |     3 ||     3
 Stab: Sleeping          |     4 |     4 ||     8
  Eat: Chunk             |     1 |     3 ||     4
Armor: Skin              |     9 |     4 ||    13
Dodge: Dodged            |    32 |    36 ||    68
